 Dungeon Crawl Stone Soup version 0.20.1-1-g8b1a95d66d (webtiles) character file.

5889 Jynx the Transmogrifier (level 10, 0/80 HPs)
             Began as a Merfolk Transmuter on Jan 1, 2018.
             Was a Believer of Okawaru.
             Slain by a gnoll sergeant
             ... wielding a +0 trident
              (3 damage)
             ... on level 9 of the Dungeon.
             The game lasted 00:25:29 (13760 turns).

Jynx the Transmogrifier (Merfolk Transmuter)       Turns: 13760, Time: 00:25:30

Health: 0/80       AC:  3    Str: 11    XL:     10   Next: 82%
Magic:  15/19      EV: 13    Int: 12    God:    Okawaru [**....]
Gold:   317        SH:  0    Dex: 18    Spells: 5/21 levels left

rFire    + . .     SeeInvis .     - Unarmed
rCold    . . .     Gourm    .   (no shield)
rNeg     . . .     Faith    .   b - +0 robe
rPois    +         Spirit   .   (no helmet)
rElec    .         Reflect  .   G - +0 cloak
rCorr    .         Harm     .   (no gloves)
MR       .....                  (no boots)
Stlth    ++........             (no amulet)
Regen    0.3/turn               y - ring of poison resistance
MPRegen  0.2/turn               w - ring of protection from fire

@: no status effects
A: change form in water, swift swim, stealthy swim
a: Heroism, Renounce Religion


You were on level 9 of the Dungeon.
You worshipped Okawaru.
Okawaru was pleased with you.
You were very hungry.

You visited 2 branches of the dungeon, and saw 10 of its levels.
You also visited: Sewer.

You collected 317 gold pieces.

Inventory:

Missiles
 a - 35 arrows
Armour
 b - a +0 robe (worn)
 E - a +2 helmet
 G - a +0 cloak (worn)
Jewellery
 u - an uncursed ring of protection from cold
 w - a ring of protection from fire (right hand)
 x - an uncursed amulet of faith
 y - a ring of poison resistance (left hand)
 K - the ring "Pier" {rC+ Stlth-}
   (You took it off an orc wizard on level 8 of the Dungeon)

   [ring of loudness]

   It protects you from cold.
   It makes you less stealthy.
 L - a +3 ring of strength {unknown}
Wands
 B - a wand of iceblast (7/15)
 D - a wand of lightning (11/15)
 F - a wand of random effects (27/48)
 J - a wand of flame (6/48)
Scrolls
 h - 2 scrolls of amnesia
 n - 3 scrolls of recharging
 q - 4 scrolls of remove curse
 s - 4 scrolls of enchant weapon
 A - 2 scrolls of magic mapping
 H - a scroll of holy word {unknown}
 I - 2 scrolls of teleportation
Potions
 e - 4 potions of mutation
 f - 2 potions of might
 k - a potion of lignification
 l - a potion of haste
 m - a potion of berserk rage
 o - a potion of agility {unknown}
 t - 2 potions of cancellation {unknown}
 v - 3 potions of curing
 z - a potion of magic {unknown}
 C - a potion of resistance {unknown}
Books
 c - a book of Changes

   Spells                             Type                      Level
   a - Beastly Appendage              Transmutation                1
   b - Sticks to Snakes               Transmutation                2
   c - Spider Form                    Transmutation/Poison         3
   d - Ice Form                       Ice/Transmutation            4
   e - Blade Hands                    Transmutation                5
 p - a book of Minor Magic

   Spells                             Type                      Level
   a - Magic Dart                     Conjuration                  1
   b - Blink                          Translocation                2
   c - Call Imp                       Summoning                    2
   d - Slow                           Hexes                        2
   e - Conjure Flame                  Conjuration/Fire             3
   f - Mephitic Cloud                 Conjuration/Poison/Air       3
 r - a book of Cantrips

   Spells                             Type                      Level
   a - Confusing Touch                Hexes                        1
   b - Animate Skeleton               Necromancy                   1
   c - Summon Small Mammal            Summoning                    1
   d - Apportation                    Translocation                1
Comestibles
 d - 10 bread rations
 g - 7 fruits
 i - 5 meat rations
 j - 6 royal jellies


   Skills:
 + Level 7.9 Fighting
 - Level 2.6 Dodging
 + Level 8.8 Unarmed Combat
 - Level 6.4 Spellcasting
 * Level 13.0 Transmutations


You had 5 spell levels left.
You knew the following spells:

 Your Spells              Type           Power        Failure   Level  Hunger
a - Beastly Appendage     Tmut           #####.       1%          1    None
b - Sticks to Snakes      Tmut           #####...     1%          2    ##.....
c - Spider Form           Tmut/Pois      ###.......   3%          3    ###....
d - Blade Hands           Tmut           #####.....   2%          5    ######.
e - Apportation           Tloc           #.....       17%         1    None
f - Ice Form              Ice/Tmut       ###.....     12%         4    ####...


Dungeon Overview and Level Annotations

Branches:
Dungeon (9/15)             Temple (1/1) D:7            Lair (0/6) D:8
    Orc: D:9-12

Altars:
Ashenzari
Cheibriados
Dithmenos
Elyvilon
Fedhas
Hepliaklqana
Kikubaaqudgha
Makhleb
Nemelex Xobeh
Okawaru
Ru
Sif Muna
Trog
Vehumet
Yredelemnul
Zin
The Shining One

Shops:
D:8 %


Message History

You slash the gnoll!
You kill the gnoll!
Okawaru accepts your kill. The gnoll sergeant closely misses you.
The gnoll hits you with a flail! The gnoll hits you with a whip.
The gnoll sergeant hits you with a trident.
Things that are here:
a club; a long sword You hit the gnoll sergeant.
The gnoll sergeant is severely wounded.
The gnoll misses you. The gnoll closely misses you.
The gnoll sergeant hits you with a trident!
* * * LOW HITPOINT WARNING * * *
You hit the gnoll sergeant.
The gnoll sergeant is severely wounded.
Your hands revert to their normal proportions.
The gnoll misses you. The gnoll hits you with a flail!
* * * LOW HITPOINT WARNING * * *
The gnoll sergeant hits you with a trident.
You die...

#...c......#..##.####
o.%........#..##....#
.o.........#.# ##...#
#.[.........# #...#
#...........####...#
#...........##.....#
##)........#...# .
##..(......##...#
..##@##........#...#
##)ggg##.......#..)#
#.o..Z..#.......#####
#..§##...).......#
#... ##..........#
.).# #.).......## ...
§.§.#......[# ).
#...#........#
g...##........#


You could see a gnoll sergeant, 2 gnolls, a human simulacrum and an orc.

Vanquished Creatures
  A two-headed ogre (D:8)
  A hornet (D:8)
  Prince Ribbit (D:6)
  A hippogriff (D:7)
  A wyvern (D:8)
  A human (D:8)
  A yak (D:8)
  2 hungry ghosts
  3 hogs (D:8)
  A warg (D:8)
  3 ice beasts
  5 ogres
  4 phantoms
  3 orc warriors
  2 centaurs
  Blork the orc (D:6)
  2 bullfrogs
  A gnoll sergeant (D:4)
  2 scorpions
  A wyvern skeleton (D:6)
  3 killer bees (D:7)
  5 crimson imps
  A quasit (D:6)
  A centaur zombie (D:9)
  5 orc priests
  7 hounds
  3 jellies
  2 iguanas
  8 orc wizards
  2 worker ants
  Natasha (D:2)
  2 hound zombies (D:5)
  A human simulacrum (D:9)
  2 hound skeletons
  2 worker ant zombies (D:7)
  5 gnolls
  7 adders
  6 shadow imps
  An ooze (D:3)
  An adder skeleton (D:5)
  3 dart slugs
  2 leopard geckos
  26 orcs
  2 ball pythons
  19 bats
  5 giant cockroaches
  8 hobgoblins
  20 jackals
  5 quokkas
  7 frilled lizards
  10 goblins
  10 kobolds
  A leopard gecko skeleton (D:6)
  8 rats
228 creatures vanquished.

Vanquished Creatures (collateral kills)
  A crocodile (Sewer)
  An orc priest (D:4)
  3 orc wizards
  Natasha (D:2)
  A gnoll (D:4)
  3 worms
  A dart slug (D:2)
  An orc (D:4)
  2 jackals
  A kobold (Sewer)
  A rat (D:2)
16 creatures vanquished.

Vanquished Creatures (others)
  A gnoll (D:9)
1 creature vanquished.

Grand Total: 245 creatures vanquished

Notes
Turn   | Place    | Note
-------+----------+-------------------------------------------
     0 | D:1      | Jynx the Merfolk Transmuter began the quest for the Orb.
     0 | D:1      | Reached XP level 1. HP: 15/15 MP: 3/3
    77 | D:1      | Reached skill level 3 in Transmutations
    77 | D:1      | Reached XP level 2. HP: 19/21 MP: 3/5
    99 | D:1      | Learned a level 2 spell: Sticks to Snakes
   632 | D:1      | Reached XP level 3. HP: 8/27 MP: 4/6
   871 | D:1      | Learned a level 3 spell: Spider Form
  1474 | D:2      | Reached skill level 4 in Transmutations
  1722 | D:2      | Reached XP level 4. HP: 25/33 MP: 2/7
  1806 | D:2      | Noticed Natasha
  1827 | D:2      | Killed Natasha
  2157 | D:2      | Noticed Natasha
  2165 | D:2      | Killed Natasha
  2745 | D:3      | Reached XP level 5. HP: 35/39 MP: 6/8
  3121 | D:3      | Reached skill level 5 in Transmutations
  3185 | D:3      | Found a glowing drain.
  3204 | Sewer    | Entered a sewer
  3406 | Sewer    | Noticed a crocodile
  3430 | Sewer    | Killed a crocodile
  3813 | D:3      | Reached XP level 6. HP: 35/46 MP: 4/10
  4604 | D:4      | Reached skill level 6 in Transmutations
  5216 | D:4      | Learned a level 5 spell: Blade Hands
  5792 | D:4      | Reached skill level 5 in Unarmed Combat
  5912 | D:4      | Reached XP level 7. HP: 42/52 MP: 11/11
  6007 | D:4      | Found a glowing golden altar of the Shining One.
  6555 | D:4      | Reached skill level 7 in Transmutations
  6836 | D:4      | Learned a level 1 spell: Apportation
  6901 | D:5      | Entered Level 5 of the Dungeon
  7357 | D:5      | You fall through a shaft!
  8043 | D:5      | Reached XP level 8. HP: 35/60 MP: 8/13
  8373 | D:5      | Reached skill level 8 in Transmutations
  8703 | D:6      | Noticed Blork the orc
  8706 | D:6      | Killed Blork the orc
  9110 | D:6      | Reached skill level 9 in Transmutations
  9132 | D:6      | Reached skill level 5 in Fighting
  9373 | D:6      | Found a hazy altar of Hepliaklqana.
  9373 | D:6      | Found a radiant altar of Vehumet.
  9640 | D:6      | Noticed Prince Ribbit
  9651 | D:6      | Killed Prince Ribbit
  9651 | D:6      | Reached XP level 9. HP: 34/68 MP: 8/15
 10009 | D:6      | Learned a level 4 spell: Ice Form
 10080 | D:7      | Reached skill level 10 in Transmutations
 10514 | D:7      | Reached skill level 5 in Spellcasting
 10766 | D:7      | Found a staircase to the Ecumenical Temple.
 10786 | Temple   | Entered the Ecumenical Temple
 10842 | Temple   | Became a worshipper of Warmaster Okawaru
 11202 | D:7      | Reached skill level 11 in Transmutations
 11352 | D:7      | Found a snail-covered altar of Cheibriados.
 11354 | D:7      | Found a bloodstained altar of Trog.
 11424 | D:7      | Found a basalt altar of Yredelemnul.
 11426 | D:7      | Found a burning altar of Makhleb.
 11667 | D:8      | Noticed a two-headed ogre
 11682 | D:8      | Killed a two-headed ogre
 11682 | D:8      | Reached * piety under Okawaru
 11682 | D:8      | Reached XP level 10. HP: 66/79 MP: 6/18
 12122 | D:8      | Reached skill level 12 in Transmutations
 12381 | D:8      | Reached ** piety under Okawaru
 13386 | D:8      | Found Iday's Food Shop.
 13395 | D:8      | Got a bound brass ring
 13400 | D:8      | Identified the ring "Pier" {rC+ Stlth-} (You took it off an orc wizard on level 8 of the Dungeon)
 13460 | D:8      | Found a staircase to the Lair.
 13751 | D:9      | Reached skill level 13 in Transmutations
 13760 | D:9      | HP: 3/80 [gnoll/flail (13)]
 13760 | D:9      | Slain by a gnoll sergeant

Skill      XL: |  1  2  3  4  5  6  7  8  9 10 |
---------------+-------------------------------+-----
Transmutations | 3 4 5 6 7 9 11 13 | 13.0
Fighting       | 2 3 4 5 7 |  7.9
Unarmed Combat | 4 5 6 8 |  8.8
Spellcasting   | 3 4 5 6 |  6.4
Dodging        | |  2.6

Action                   |  1- 3 |  4- 6 |  7- 9 | 10-12 || total
-------------------------+-------+-------+-------+-------++-------
Melee: Unarmed           |   103 |   222 |   318 |   109 ||   752
       Headbutt          |    14 |    28 |    33 |     5 ||    80
       Punch             |       |     2 |    14 |     1 ||    17
 Cast: Beastly Appendage |    21 |    39 |    33 |     7 ||   100
       Sticks to Snakes  |     2 |    28 |    19 |     1 ||    50
       Blade Hands       |       |       |    24 |    14 ||    38
  Use: Scroll            |     2 |    10 |    10 |     1 ||    23
       Potion            |       |     1 |     2 |       ||     3
 Stab: Sleeping          |     1 |     1 |     1 |       ||     3
       Distracted        |       |     2 |     2 |       ||     4
  Eat: Chunk             |     3 |    16 |    27 |    12 ||    58
       Fruit             |       |       |     1 |     1 ||     2
Armor: Robe              |    23 |    42 |    25 |     9 ||    99
Dodge: Dodged            |    89 |   188 |   169 |    57 ||   503
